 Dungeon Crawl Stone Soup version 0.27-a0-341-g40fdf68bc5 (webtiles) character file.

Game seed: 17974916137344067270

146724 EldarEldrad the Severer (level 16, 0/144 HPs)
             Began as a Minotaur Berserker on Feb 14, 2021.
             Was a High Priest of Trog.
             Slain by a merfolk impaler
             ... wielding a +0 trident
              (11 damage)
             ... on level 3 of the Shoals on Feb 15, 2021.
             The game lasted 02:14:18 (32842 turns).

EldarEldrad the Severer (Minotaur Berserker)       Turns: 32842, Time: 02:14:18

Health: 0/144      AC: 37    Str: 29    XL:     16   Next: 90%
Magic:  25/25      EV: 14    Int:  9    God:    Trog [*****.]
Gold:   301        SH: 13    Dex: 13    Spells: 15/15 levels left

rFire    + + .     SeeInvis .   a - +8 mithril axe "Arga" {speed, Will+}
rCold    + . .     Faith    .   Q - +0 kite shield
rNeg     + + .     Spirit   .   e - +4 plate armour {rF+}
rPois    .         Reflect  .   s - +3 hat of Pondering {ponderous, Will+ MP+10 Int+5}
rElec    .         Harm     .   k - +2 cloak {rCorr}
rCorr    +         Rampage  .   u - +0 pair of gloves
Will     +++++                  W - +3 pair of boots "Rynweysu" {Str+3}
Stlth    ..........             j - macabre finger necklace {rN+}
HPRegen  1.34/turn              p - ring of protection from fire
MPRegen  0.19/turn              M - ring of protection from cold
                                E - ring of Mysticism {*Contam +Fly rN+ Will+ AC+4}

@: afraid, regenerating, studying 2 skills, very slow
A: retaliatory headbutt, horns 2
a: Renounce Religion, Evoke Flight, Berserk, Trog's Hand, Brothers in Arms


You were on level 3 of the Shoals.
You worshipped Trog.
Trog was extremely pleased with you.
You visited 5 branches of the dungeon, and saw 27 of its levels.
You also visited: Ice Cave and Volcano.

You collected 4636 gold pieces.
You spent 4335 gold pieces at shops.

Inventory:

Hand Weapons
 a - the +8 mithril axe "Arga" (weapon) {speed, Will+}
   (You bought it in a shop on level 12 of the Dungeon)

   Attacks with this weapon are significantly faster.
   It affects your willpower, your defense against some magical effects.
 b - a +4 war axe of flaming
Missiles
 v - 157 poisoned darts (quivered)
Armour
 e - a +4 plate armour of fire resistance (worn)
 k - a +2 cloak of preservation (worn)
 s - the +3 hat of Pondering (worn) {ponderous, Will+ MP+10 Int+5}
   (You took it off Gastronok on level 1 of the Lair of Beasts)

   It affects your intelligence (+5).
   It affects your willpower, your defense against some magical effects.
   It affects your magic capacity (+10).
 u - a +0 pair of gloves (worn)
 I - a scarf of resistance
 P - a +1 chain mail of poison resistance
 Q - a +0 kite shield (worn)
 W - the +3 pair of boots "Rynweysu" (worn) {Str+3}
   (You acquired it on level 12 of the Dungeon)

   It affects your strength (+3).
Jewellery
 j - the macabre finger necklace (around neck) {rN+}
   (You found it in an ice cave)

   [amulet of nothing]

   It protects you from negative energy.
 p - a ring of protection from fire (left hand)
 E - the ring of Mysticism (on amulet) {*Contam +Fly rN+ Will+ AC+4}
   (You found it in an ice cave)

   [ring of protection]

   It affects your AC (+4).
   It protects you from negative energy.
   It affects your willpower, your defense against some magical effects.
   It lets you fly.
   It causes magical contamination when unequipped.
 M - a ring of protection from cold (right hand)
Wands
 f - a wand of paralysis (21)
 w - a wand of digging (7)
 z - a wand of acid (11)
 B - a wand of polymorph (32)
 J - a wand of flame (70)
 L - a wand of charming (28)
 V - a wand of iceblast (10)
Scrolls
 g - 10 scrolls of teleportation
 i - 4 scrolls of fear
 l - 2 scrolls of blinking
 m - 2 scrolls of noise
 o - 12 scrolls of identify
 q - 5 scrolls of fog
 t - 5 scrolls of enchant weapon
 F - 3 scrolls of silence
 G - 7 scrolls of enchant armour
 H - a scroll of holy word
 U - 2 scrolls of magic mapping
Potions
 c - 5 potions of berserk rage
 d - 3 potions of heal wounds
 h - a potion of invisibility
 n - 5 potions of flight
 r - 10 potions of curing
 x - 3 potions of lignification
 A - 6 potions of might
 C - 2 potions of mutation
 D - 3 potions of attraction
 K - 4 potions of resistance
 N - 4 potions of haste
 O - a potion of cancellation
 T - a potion of magic
Miscellaneous
 y - a lightning rod (4/4)


   Skills:
 * Level 13.5 Fighting
 - Level 20.0 Axes
 - Level 15.0 Armour
 - Level 15.0 Dodging
 + Level 11.0 Shields
 - Level 9.0 Evocations


You had 15 spell levels left.
You didn't know any spells.
Your spell library was empty.

Dungeon Overview and Level Annotations

Branches:
Dungeon (15/15)            Temple (1/1) D:5            Lair (6/6) D:11
 Shoals (3/4) Lair:2        Snake (0/4) Lair:4        Slime (0/5) Lair:6
    Orc (2/2) D:11            Elf (0/3) Orc:2        Vaults (0/5) D:13
 Depths (0/5) D:15          IceCv (visited)         Volcano (visited)

Altars:
Ashenzari
Cheibriados
Dithmenos
Elyvilon
Fedhas
Gozag
Hepliaklqana
Kikubaaqudgha
Makhleb
Nemelex Xobeh
Okawaru
Qazlal
Ru
Sif Muna
Trog
Uskayaw
Vehumet
Wu Jian
Xom
Yredelemnul
Zin
The Shining One
Beogh
Jiyva

Shops:
D:8 ?   D:12 *   D:13 =   Orc:2 =([(

Annotations:
Lair:5 exclusion: oklob plant


Innate Abilities, Weirdness & Mutations

You reflexively headbutt those who attack you in melee.
You have a pair of horns on your head.


Message History

The satyr is engulfed in a cloud of scalding steam.
The satyr shoots an arrow.
The arrow hits you but does no damage. You block the faun's attack.
You slash the faun! You headbutt the faun!
The faun is almost dead.
Unknown command.
Your unstable footing causes you to fumble your attack.
The faun no longer looks unusually strong.
The faun is engulfed in a cloud of scalding steam.
The faun closely misses you. You block the merfolk impaler's attack.
The satyr shoots an arrow.
You block the arrow.
The faun unwields a +0 hunting sling.
The faun wields a +0 club.
The faun barely misses you.
Your unstable footing causes you to fumble your attack.
You block the merfolk impaler's attack.
The faun is engulfed in a cloud of scalding steam.
You block the faun's attack.
Your unstable footing causes you to fumble your attack.
You block the merfolk impaler's attack.
The satyr shoots an arrow.
The arrow hits you!
* * * LOW HITPOINT WARNING * * *
The faun points at you and mumbles some strange words.
You resist with almost no effort.
Unknown command.
Your skin crawls.
You feel strong-willed. You block the faun's attack.
The merfolk impaler barely misses you. You block the merfolk impaler's attack.
The faun hits you with a +0 club!
* * * LOW HITPOINT WARNING * * *
Your ogre goes berserk!
The satyr shoots an arrow.
The arrow closely misses you. The arrow closely misses your ogre.
The faun hits you from afar with a +0 spear.
* * * LOW HITPOINT WARNING * * *
The merfolk impaler hits you but does no damage.
You closely miss the faun.
The faun is almost dead.
You block the faun's attack.
The merfolk impaler hits you from afar with a +0 trident!
You die...

.≈..
≈≈≈≈≈≈≈≈≈≈≈≈..##
.....
...≈≈≈≈≈≈≈≈≈≈...
.....
#..≈≈≈≈≈≈≈≈≈...
.....
#..≈≈≈≈≈≈≈....
.......
#..≈≈≈≈≈≈≈...
P...?..
#.≈≈(≈≈≈≈≈≈. .#
..##.
#.m≈≈†≈≈≈≈≈≈
.##.<...
##.≈≈≈c≈≈≈≈≈≈
.......≈
#.O≈@≈c.≈≈≈≈≈
!≈≈≈)...
#..)c..≈≈≈≈≈≈
≈≈≈.....
#..........≈≈≈
.≈≈≈....
.........##..≈≈≈
)...#...
........## .≈..≈
≈..##...
.....#### ≈≈≈≈
≈≈...... ###..
≈≈≈≈ ≈≈≈..###
##. ≈≈≈≈.#


You could see a merfolk impaler, a satyr (scary), 2 fauns and a friendly ogre
(summoned, berserk).

Vanquished Creatures
  Jorgrun (D:15)
  Gastronok (Lair:1)
  4 krakens (Shoals:2)
  Roxanne (D:14)
  A dire elephant (Lair:6)
  A merfolk javelineer (Shoals:3)
  3 fire dragons
  Josephine (Lair:4)
  2 ice dragons (IceCv)
  4 vault guards (D:13)
  Harold (D:7)
  5 hydras
  A rakshasa (D:15)
  Fannar (Lair:1)
  2 ogre magi (D:15)
  2 boulder beetles
  2 merfolk avatars
  Erica (D:11)
  2 centaur warriors
  2 satyrs
  11 death yaks (Lair:3)
  An alligator snapping turtle (Shoals:2)
  A death knight (D:11)
  8 two-headed ogres
  A hell hog (Volcano)
  An orc high priest (Orc:2)
  Urug (D:10)
  4 unseen horrors
  5 sea snakes
  A wizard (D:14)
  Pikel (D:4)
  19 harpies
  2 orc knights
  3 deep elf pyromancers
  A deep elf zephyrmancer (D:14)
  2 wolf spider zombies
  A wolf spider (D:14)
  14 fauns
  8 manticores
  4 orc sorcerers
  7 ugly things
  3 cyclopes
  19 elephants
  A centaur zombie (D:13)
  4 black mambas
  A water nymph (Shoals:2)
  A torpor snail (shapeshifter) (D:15)
  5 merfolk sirens
  3 orange demons (D:12)
  2 torpor snails
  2 ice statues (IceCv)
  2 molten gargoyles (Volcano)
  11 cane toads
  3 kobold demonologists
  A gargoyle (D:11)
  7 rime drakes
  A yaktaur (D:15)
  An efreet (D:10)
  2 harpy zombies (Shoals:1)
  11 komodo dragons
  3 merfolk
  7 trolls
  3 meliai (D:14)
  Prince Ribbit (D:8)
  A wind drake (Lair:2)
  2 polar bears (Lair:6)
  Grinder (D:4)
  6 slime creatures
  4 hornets
  4 blink frogs (Lair:6)
  13 dream sheep
  4 snapping turtles
  A redback (shapeshifter) (D:15)
  39 yaks
  6 wraiths
  4 shadows
  A vampire (D:10)
  6 water elementals
  2 wyverns
  A hog (shapeshifter) (D:14)
  Grum (D:10)
  5 basilisks
  2 humans (shapeshifter)
  3 steam dragons
  5 fire bats (Volcano)
  6 vampire mosquitoes
  The ghost of nano the Cutter, an amateur KoMo of Ru (D:3)
  4 acid dragons
  3 nagas
  A hell hound (Volcano)
  A soldier ant (D:12)
  Duvessa (D:5)
  19 water moccasins
  34 orc warriors
  3 swamp drakes
  5 sky beasts
  26 ice beasts
  A manticore zombie (Shoals:1)
  4 boggarts (D:15)
  An eye of draining (D:11)
  2 necrophages
  19 ogres
  6 wolves
  31 centaurs
  4 kobold brigands
  4 lemures (D:4)
  Blork the orc (D:5)
  2 phantoms
  23 bullfrogs
  A bullfrog (shapeshifter) (D:14)
  Dowan (D:5)
  9 killer bees
  9 scorpions
  5 wights (D:9)
  4 howler monkeys
  3 electric eels (D:14)
  6 lava snakes (Volcano)
  A crimson imp (D:10)
  3 jellies
  5 quasits
  A bullfrog zombie (D:10)
  Crazy Yiuf (D:2)
  8 hounds
  5 centaur skeletons
  21 orc priests
  A bullfrog skeleton (D:10)
  An iron imp (D:10)
  3 iguanas
  25 orc wizards
  13 worker ants
  A worker ant zombie (D:10)
  2 howler monkey skeletons
  4 gnolls (D:6)
  23 adders
  3 shadow imps
  3 white imps
  3 ufetubi
  An ooze (D:1)
  3 adder skeletons
  6 worms
  4 dart slugs
  5 leopard geckos
  119 orcs
  2 bat zombies (Shoals:1)
  2 giant cockroaches
  8 goblins
  17 hobgoblins
  9 jackals
  4 quokkas
  A ball python (D:6)
  8 bats
  10 frilled lizards
  24 kobolds
  A leopard gecko skeleton (D:8)
  A leopard gecko zombie (D:7)
  6 rats
  A plant (D:14)
  10 tentacles (Shoals:2)
948 creatures vanquished.

Vanquished Creatures (collateral kills)
  Saint Roka (Orc:2)
1 creature vanquished.

Vanquished Creatures (others)
  An orc wizard (D:6)
  3 bushes (Lair:6)
  31 fungi
  149 plants
  29 tentacles (Shoals:2)
  5 toadstools (D:1)
218 creatures vanquished.

Grand Total: 1167 creatures vanquished

Notes
Turn   | Place    | Note
-------+----------+-------------------------------------------
     0 | D:1      | EldarEldrad the Minotaur Berserker began the quest for the
                  | Orb.
     0 | D:1      | Reached XP level 1. HP: 19/19 MP: 0/0
   118 | D:1      | Reached skill level 4 in Axes
   203 | D:1      | Reached XP level 2. HP: 26/26 MP: 1/1
   386 | D:1      | You fall into a shaft and drop 1 floor!
   576 | D:2      | Reached skill level 5 in Axes
   576 | D:2      | Reached XP level 3. HP: 31/31 MP: 2/2
   705 | D:2      | Reached ** piety under Trog
  1143 | D:1      | Reached XP level 4. HP: 38/39 MP: 3/3
  1251 | D:1      | Reached skill level 6 in Axes
  1808 | D:2      | Found a shadowy altar of Dithmenos.
  1808 | D:2      | Found an opulent altar of Gozag.
  1809 | D:2      | Found a burning altar of Makhleb.
  1857 | D:2      | Found a runed translucent door.
  1858 | D:2      | Noticed Crazy Yiuf
  1865 | D:2      | Killed Crazy Yiuf
  2207 | D:3      | Reached XP level 5. HP: 44/45 MP: 4/4
  2209 | D:3      | Reached skill level 7 in Axes
  2276 | D:3      | Found a transporter.
  2281 | D:3      | Noticed nano's ghost (amateur KoMo)
  2282 | D:3      | Reached *** piety under Trog
  2316 | D:3      | Found a transporter.
  2756 | D:3      | Reached skill level 8 in Axes
  2770 | D:3      | Identified the +7 war axe of Mana {freeze, Stlth+}
  2833 | D:3      | Reached XP level 6. HP: 51/51 MP: 5/5
  2992 | D:3      | Killed nano's ghost
  2993 | D:3      | Reached skill level 9 in Axes
  3106 | D:4      | Reached XP level 7. HP: 52/57 MP: 6/6
  3154 | D:4      | Reached skill level 10 in Axes
  3270 | D:4      | Noticed Grinder
  3542 | D:4      | Killed Grinder
  3543 | D:4      | Reached skill level 11 in Axes
  3543 | D:4      | Reached XP level 8. HP: 43/64 MP: 7/7
  3659 | D:4      | Found a shadowy altar of Dithmenos.
  3669 | D:4      | Noticed Pikel
  3681 | D:4      | Killed Pikel
  3682 | D:4      | Reached skill level 12 in Axes
  3718 | D:4      | Reached **** piety under Trog
  3970 | D:4      | Reached skill level 13 in Axes
  4177 | D:5      | Entered Level 5 of the Dungeon
  4367 | D:5      | Noticed Dowan
  4389 | D:5      | Found an ancient bone altar of Kikubaaqudgha.
  4462 | D:5      | Found a glowing golden altar of the Shining One.
  4519 | D:5      | Found a sacrificial altar of Ru.
  4742 | D:5      | Noticed Blork the orc
  4748 | D:5      | Killed Blork the orc
  4749 | D:5      | Reached XP level 9. HP: 70/70 MP: 8/8
  4868 | D:5      | Noticed Duvessa
  4876 | D:5      | Killed Dowan
  4877 | D:5      | Reached skill level 14 in Axes
  4880 | D:5      | Killed Duvessa
  5128 | D:5      | Found a staircase to the Ecumenical Temple.
  5220 | Temple   | Entered the Ecumenical Temple
  5467 | D:6      | Reached skill level 1 in Evocations
  5472 | D:6      | Reached skill level 5 in Fighting
  5605 | D:6      | Identified the +1 scale mail "Kuafeass" {rC+ Will+ Regen+
                  | Slay-3}
  6488 | D:7      | Reached skill level 5 in Armour
  6691 | D:7      | Reached ***** piety under Trog
  6821 | D:7      | Noticed Harold
  6933 | D:7      | Killed Harold
  6934 | D:7      | Reached XP level 10. HP: 39/81 MP: 9/9
  6977 | D:7      | Got a smouldering morningstar
  6978 | D:7      | Identified the +3 morningstar of the Dwarven Hall {flame,
                  | Str+3} (You found it on level 7 of the Dungeon)
  7390 | D:8      | Found a glowing golden altar of the Shining One.
  7461 | D:8      | Found a snail-covered altar of Cheibriados.
  7694 | D:8      | Found Soixzoilafo's Magic Scroll Boutique.
  7702 | D:8      | Bought a scroll of teleportation for 33 gold pieces
  7702 | D:8      | Bought a scroll of silence for 82 gold pieces
  7702 | D:8      | Bought a scroll of enchant armour for 82 gold pieces
  7702 | D:8      | Bought a scroll of identify for 22 gold pieces
  7702 | D:8      | Bought a scroll of identify for 22 gold pieces
  7702 | D:8      | Bought a scroll of torment for 82 gold pieces
  7702 | D:8      | Bought a scroll of enchant armour for 82 gold pieces
  7771 | D:8      | Reached skill level 5 in Evocations
  7832 | D:8      | Noticed Prince Ribbit
  7842 | D:8      | Killed Prince Ribbit
  8315 | D:8      | Bought a scroll of vulnerability for 82 gold pieces
  8589 | D:9      | Received a gift from Trog
  8604 | D:9      | Reached skill level 10 in Armour
  8955 | D:10     | Entered Level 10 of the Dungeon
  8976 | D:10     | Noticed a fire dragon
  8984 | D:10     | Noticed a cyan ugly thing
  8995 | D:10     | Killed a cyan ugly thing
  8999 | D:10     | Killed a fire dragon
  9091 | D:10     | Reached XP level 11. HP: 59/89 MP: 10/10
  9279 | D:10     | Noticed Grum
  9293 | D:10     | Killed Grum
  9464 | D:10     | Noticed Urug
  9471 | D:10     | Killed Urug
  9522 | D:10     | Killed an unseen horror
  9523 | D:10     | Reached skill level 5 in Dodging
  9602 | D:10     | Noticed a deep elf pyromancer
  9607 | D:10     | Killed a deep elf pyromancer
  9607 | D:10     | Received a gift from Trog
  9616 | D:10     | Noticed a deep elf pyromancer
  9622 | D:10     | Killed a deep elf pyromancer
 10192 | D:11     | Identified a scroll of acquirement
 10192 | D:11     | Acquired 988 gold pieces
 10263 | D:11     | Killed an unseen horror
 10267 | D:11     | Found a frozen archway.
 10348 | IceCv    | Entered an ice cave
 10471 | IceCv    | Reached skill level 10 in Dodging
 10651 | IceCv    | Reached XP level 12. HP: 88/101 MP: 11/11
 10725 | IceCv    | Noticed an ice dragon
 10725 | IceCv    | Noticed an ice dragon
 10745 | IceCv    | Killed an ice dragon
 10750 | IceCv    | Killed an ice dragon
 10801 | IceCv    | Found the macabre finger necklace {rN+}
 10839 | IceCv    | Got a translucent lead ring
 10952 | IceCv    | Identified the ring of Mysticism {*Contam +Fly rN+ Will+
                  | AC+4} (You found it in an ice cave)
 11130 | D:11     | Found a staircase to the Orcish Mines.
 11258 | D:11     | Noticed Erica
 11267 | D:11     | Killed Erica
 11374 | D:11     | Found a large runed translucent door.
 11374 | D:11     | Found a large runed translucent door.
 11386 | D:11     | Noticed a two-headed ogre
 11391 | D:11     | Killed a two-headed ogre
 11397 | D:11     | Noticed a two-headed ogre
 11402 | D:11     | Killed a two-headed ogre
 11593 | D:11     | Found a large runed translucent door.
 11593 | D:11     | Found a large runed translucent door.
 11638 | D:11     | Received a gift from Trog
 11643 | D:11     | Noticed a death knight
 11650 | D:11     | Killed a death knight
 12352 | D:11     | Reached skill level 10 in Fighting
 12466 | D:11     | Found a staircase to the Lair.
 12670 | Lair:1   | Entered Level 1 of the Lair of Beasts
 12811 | Lair:1   | Reached skill level 15 in Axes
 13053 | Lair:1   | Noticed Gastronok
 13063 | Lair:1   | Noticed Fannar
 13071 | Lair:1   | Killed Gastronok
 13086 | Lair:1   | Killed Fannar
 13087 | Lair:1   | Reached XP level 13. HP: 113/113 MP: 12/12
 13326 | Lair:1   | Reached skill level 16 in Axes
 13637 | Lair:1   | Found a blossoming altar of Fedhas.
 14618 | Lair:2   | Found a staircase to the Shoals.
 15543 | Lair:3   | Reached skill level 17 in Axes
 16385 | Lair:4   | Noticed Josephine
 16394 | Lair:3   | Reached XP level 14. HP: 68/126 MP: 13/13
 16732 | Lair:4   | Killed Josephine
 16967 | Lair:4   | Found a staircase to the Snake Pit.
 17425 | Lair:5   | Received a gift from Trog
 17654 | Lair:5   | Found a hide-covered altar of Uskayaw.
 17671 | Lair:5   | Found an ornate altar of the Wu Jian Council.
 18429 | Lair:6   | Entered Level 6 of the Lair of Beasts
 18787 | Lair:6   | Reached skill level 15 in Armour
 19457 | Lair:6   | Found a staircase to the Slime Pits.
 19463 | Lair:6   | Found a viscous altar of Jiyva.
 19555 | Lair:6   | Paralysed by a hornet for 3 turns
 19734 | Lair:6   | Reached skill level 18 in Axes
 20750 | Orc:1    | Entered Level 1 of the Orcish Mines
 20801 | Orc:1    | Found a dark tunnel.
 20813 | Volcano  | Entered a volcano
 21235 | Volcano  | Found a radiant altar of Vehumet.
 21681 | Orc:1    | Found a roughly hewn altar of Beogh.
 21989 | Orc:2    | Entered Level 2 of the Orcish Mines
 21996 | Orc:2    | Found a staircase to the Elven Halls.
 22159 | Orc:2    | Found a roughly hewn altar of Beogh.
 22161 | Orc:2    | Found Junatodu's Jewellery Shoppe.
 22172 | Orc:2    | Received a gift from Trog
 22278 | Orc:2    | Found a roughly hewn altar of Beogh.
 22422 | Orc:2    | Noticed Saint Roka
 22440 | Orc:2    | Reached XP level 15. HP: 67/132 MP: 14/14
 23229 | Orc:2    | HP: 3/132 [Saint Roka/divine providence (13)]
 23234 | Orc:2    | HP: 3/132 [Saint Roka/divine providence (12)]
 23531 | Orc:2    | Killed Saint Roka
 23741 | Orc:2    | Found Uqiody's Antique Armour Shoppe.
 23742 | Orc:2    | Found a roughly hewn altar of Beogh.
 23746 | Orc:2    | Found Noidgh's Antique Weapon Emporium.
 23949 | Orc:2    | Found a roughly hewn altar of Beogh.
 24022 | Orc:2    | Found a roughly hewn altar of Beogh.
 24039 | Orc:2    | Found a roughly hewn altar of Beogh.
 24048 | Orc:2    | Reached skill level 1 in Shields
 24171 | Orc:2    | Found a roughly hewn altar of Beogh.
 24182 | Orc:2    | Received a gift from Trog
 24194 | Orc:2    | Found Hathros's Antique Weapon Emporium.
 24306 | Orc:2    | Found a roughly hewn altar of Beogh.
 24382 | Orc:2    | Bought a runed scarf for 200 gold pieces
 24647 | D:12     | Found Gumpail's Assorted Antiques.
 24655 | D:12     | Bought a scroll of identify for 66 gold pieces
 24655 | D:12     | Bought 2 potions of might for 264 gold pieces
 24655 | D:12     | Bought the +8 mithril axe "Arga" {speed, Will+} for 2131
                  | gold pieces
 24655 | D:12     | Found the +8 mithril axe "Arga" {speed, Will+}
 24931 | D:12     | Found Edghaimui's Magic Scroll Shop.
 24939 | D:12     | Bought a scroll of identify for 26 gold pieces
 24939 | D:12     | Bought a scroll of enchant weapon for 97 gold pieces
 24939 | D:12     | Bought a scroll of identify for 26 gold pieces
 24939 | D:12     | Bought a scroll of identify for 26 gold pieces
 24939 | D:12     | Bought a scroll of magic mapping for 45 gold pieces
 24939 | D:12     | Bought a scroll of enchant weapon for 97 gold pieces
 24939 | D:12     | Bought a scroll of silence for 97 gold pieces
 24939 | D:12     | Bought a scroll of silence for 97 gold pieces
 25387 | D:13     | Found a gate to the Vaults.
 25435 | D:13     | Reached skill level 5 in Shields
 25453 | D:13     | Reached skill level 19 in Axes
 25647 | D:13     | Found Ebaigg's Jewellery Emporium.
 26127 | D:13     | Got a scorched bone amulet
 26128 | D:13     | Identified the amulet "Kigom" {RegenMP +Fly rN+++ Str-3
                  | Dex+5} (You found it on level 13 of the Dungeon)
 27006 | D:14     | Received a gift from Trog
 27745 | D:14     | Identified Roxanne's Grimoire of Transmutation
 27745 | D:14     | Noticed Roxanne
 27775 | D:14     | Killed Roxanne
 28123 | D:15     | Entered Level 15 of the Dungeon
 28231 | D:15     | Noticed Jorgrun
 28256 | D:15     | Killed Jorgrun
 28257 | D:15     | Reached skill level 10 in Shields
 28703 | D:15     | Found a bloodstained altar of Trog.
 28898 | D:15     | Reached skill level 20 in Axes
 29003 | D:15     | Reached XP level 16. HP: 139/139 MP: 15/15
 29018 | D:15     | Found a staircase to the Depths.
 29019 | D:15     | Received a gift from Trog
 29893 | D:12     | Bought a scroll of acquirement for 676 gold pieces
 29893 | D:12     | Acquired the +3 pair of boots "Rynweysu" {Str+3}
 30054 | Shoals:1 | Entered Level 1 of the Shoals
 30644 | Shoals:2 | Noticed a kraken
 30644 | Shoals:2 | Noticed a kraken
 30644 | Shoals:2 | Noticed a kraken
 30644 | Shoals:2 | Noticed a kraken
 30662 | Shoals:2 | Killed a kraken
 30698 | Shoals:2 | Killed a kraken
 30961 | Shoals:2 | Killed a kraken
 31062 | Shoals:2 | Killed a kraken
 31601 | Shoals:2 | Reached skill level 15 in Dodging
 31752 | Shoals:2 | Reached ****** piety under Trog
 31753 | Shoals:2 | Received a gift from Trog
 32842 | Shoals:3 | Slain by a merfolk impaler

Illustrated notes

Levels and vault maps discovered:
D:1:      ldierk_walled_garden, layout_basic, ebering_dispersal_statue_hall
D:2:      layout_basic, gammafunk_temple_overflow_claw, serial_park_tiny_2,
          uniq_crazy_yiuf_cottage
D:3:      minmay_diamond_boxcup, layout_basic, gammafunk_ghost_stat_death,
          palyth_stone_intersect
D:4:      layout_gridville, grunt_dithmenos_smoke, uniq_pikel, uniq_grinder
D:5:      layout_loops_ring, general_overflow_altar, kennysheep_mini_moat,
          temple_green, basic_altar, uniq_blork_the_orc, uniq_duvessa
D:6:      layout_basic
D:7:      layout_cave_pods, uniq_harold
D:8:      layout_basic, nicolae_overflow_crystal_walls, serial_shops,
          nicolae_shop_statue_plus, corexii_corridor_pit, tso_metal_star,
          uniq_prince_ribbit1
D:9:      layout_irregular_city
D:10:     minmay_the_grid_square_5x5_3x3 [minmay_the_grid_square_5x5_bridge,
          minmay_the_grid_square_5x5_broken_cross,
          minmay_the_grid_square_5x5_dogpile,
          minmay_the_grid_square_5x5_six_small,
          minmay_the_grid_square_5x5_megaprize_diamond,
          minmay_the_grid_square_5x5_six, minmay_the_grid_square_5x5_empty,
          minmay_the_grid_square_5x5_c, minmay_the_grid_square_5x5_empty],
          layout_basic, chequers_serial_rivers_small_b, hangedman_minor_magic,
          uniq_urug, uniq_grum
D:11:     cheibrodos_orc_bank, layout_cave_pools, erik_lair_dragon, erik_orc_1,
          portal_ice_cave_entry_ice_beasts, minmay_hollow_rounded_squares,
          uniq_erica
D:12:     layout_roguey, serial_shops, shop, shop, einodemon_barbed_minivault
D:13:     layout_cave_pods, lightli_vaults_fourway_checkpoint, serial_shops,
          shop
D:14:     hangedman_arrow_trap, layout_basic, minmay_misc_feat_ornament,
          minivault_14, wad_woods_river_04, chequers_big_river, uniq_roxanne
D:15:     gammafunk_enter_depths_forms, layout_stronghold, basic_altar,
          uniq_jorgrun
Temple:   eino_temple_rhombus
Lair:1:   layout_chaotic_city, basic_altar, uniq_gastronok, uniq_fannar
Lair:2:   layout_concentric_octagons, minmay_shoals_entry_beasts,
          infiniplex_staircase_pool_2
Lair:3:   layout_regular_city, minivault_19, st_stairs_7
Lair:4:   layout_cave_shapes, minmay_snake_entry_guardpost_small,
          wad_woods_road_05, uniq_josephine
Lair:5:   layout_cave_pods, nzn_masters_of_martial_movement,
          minmay_lair_oklob_chamber
Lair:6:   gammafunk_lair_ancient_temple, layout_small_grid, slime_altar_1,
          grunt_forest_stairs_basic
Shoals:1: layout_shoals, abandoned_shop, nicolae_shoals_undead_eyrie
Shoals:2: layout_shoals, nicolae_shoals_kraken_party
Shoals:3: cheibrodos_shoals_roost, layout_shoals
Orc:1:    layout_diamond_mine, enter_bailey_5, basic_altar,
          nicolae_volcano_entry_two_sided
Orc:2:    grunt_orc_community_town_hall, layout_caves,
          grunt_orc_community_big_house_2, grunt_orc_community_big_house_1,
          grunt_orc_community_house_1, grunt_orc_community_house_2,
          grunt_orc_community_house_1, grunt_orc_community_house_3,
          grunt_orc_community_house_1

Skill      XL: |  1  2  3  4  5  6  7  8  9 10 11 12 13 14 15 16 |
---------------+-------------------------------------------------+-----
Axes           | 4 5 6 8 9 11 13 14 15 17 18 20 | 20.0
Fighting       | 5 6 8 10 12 13 | 13.5
Evocations     | 4 5 8 9 |  9.0
Armour         | 8 12 13 15 | 15.0
Dodging        | 10 12 15 | 15.0
Shields        | 10 11 | 11.0

Action                   |  1- 3 |  4- 6 |  7- 9 | 10-12 | 13-15 | 16-18 || total
-------------------------+-------+-------+-------+-------+-------+-------++-------
Melee: Hand axe          |    72 |   119 |       |       |       |       ||   191
       Headbutt          |    10 |    22 |    36 |   125 |   298 |    82 ||   573
       War axe           |       |    13 |   185 |   565 |   770 |       ||  1533
       Broad axe         |       |       |       |       |   478 |   372 ||   850
Throw: Dart              |       |       |       |     2 |    11 |       ||    13
Invok: Trog's Hand       |       |     2 |     3 |     5 |     8 |     5 ||    23
       Berserk           |       |     1 |     3 |     4 |     1 |       ||     9
       Brothers in Arms  |       |       |       |       |     1 |     1 ||     2
Evoke: Wand              |       |       |       |     5 |     1 |     3 ||     9
  Use: Scroll            |       |       |     5 |    16 |     9 |     4 ||    34
       Potion            |       |       |       |       |     2 |     1 ||     3
 Stab: Sleeping          |       |       |     3 |       |       |       ||     3
       Confused          |       |       |       |     1 |       |       ||     1
Armor: Animal skin       |     7 |     4 |       |       |       |       ||    11
       Ring mail         |       |    38 |    30 |       |       |       ||    68
       Scale mail        |       |       |    17 |   137 |       |       ||   154
       Plate armour      |       |       |       |    45 |   570 |   152 ||   767
Dodge: Dodged            |    52 |    70 |    69 |   230 |   462 |   150 ||  1033
Block: Other             |       |       |     7 |    70 |       |       ||    77
       Reflection        |       |       |     1 |     3 |       |       ||     4
       Kite shield       |       |       |       |       |     8 |   239 ||   247

Table legend: (Time is in decaauts)
 A = Elapsed time spent in this place.
 B = Non-inter-level travel time spent in this place.
 C = Inter-level travel time spent in this place.
 D = Time resting spent in this place.
 E = Time spent auto-exploring this place.
 F = Levels seen in this place.
 G = Mean time per level.
                   A        B        C        D        E       F      G
               +--------+--------+--------+--------+--------+-----+--------+
         Total |  33337 |  31754 |   1583 |   5325 |  19532 |  29 | 1149.6 |
       Dungeon |  17288 |  16344 |    944 |   1940 |  10715 |  15 | 1152.5 |
        Temple |    217 |    201 |     16 |      0 |    200 |   1 |  217.0 |
          Lair |   8337 |   7979 |    358 |   1676 |   5092 |   6 | 1389.5 |
        Shoals |   2898 |   2852 |     46 |    587 |   1666 |   3 |  966.0 |
  Orcish Mines |   3178 |   2961 |    217 |    961 |   1228 |   2 | 1589.0 |
      Ice Cave |    679 |    679 |      0 |     60 |    287 |   1 |  679.0 |
       Volcano |    738 |    738 |      0 |    100 |    343 |   1 |  738.0 |
               +--------+--------+--------+--------+--------+-----+--------+

Top non-repeatable levels by time:
  Lair:6: 2205 daAuts
    D:11: 1968 daAuts
  Lair:3: 1861 daAuts
    D:15: 1706 daAuts
    D:14: 1675 daAuts
   Orc:2: 1598 daAuts
Shoals:2: 1580 daAuts
   Orc:1: 1579 daAuts
     D:2: 1346 daAuts
  Lair:1: 1235 daAuts
    D:10: 1167 daAuts
  Lair:2: 1158 daAuts
    D:13: 1131 daAuts
  Lair:5: 1119 daAuts
     D:5: 1075 daAuts
